[Event "Late-Titled-Tuesday-Blitz-April-30-2024"]
[Site "Chess.com"]
[Date "2024.04.30"]
[Round "10"]
[White "HansOnTwitch"]
[Black "Adar_07"]
[Result "1-0"]
[WhiteElo "3174"]
[BlackElo "2726"]
[TimeControl "180+1"]
[EndTime "15:54:21 PDT"]
[Termination "HansOnTwitch won by resignation"]

1. e4 e5 2. Nf3 Nc6 3. Bc4 Bc5 4. d3 d6 5. O-O Nf6 6. c3 O-O 7. Re1 a6 8. Bg5 h6 9. Bh4 g5 10. Bg3 Ba7 11. Nbd2 Ne7 12. d4 exd4 13. cxd4 Ng6 14. e5 dxe5 15. dxe5 Nh5 16. Qc2 Kg7 17. Rad1 Nxg3 18.
hxg3 Qe7 19. Qc3 Be6 20. Bxe6 fxe6 21. Ne4 Rad8 22. Nf6 Rxd1 23. Rxd1 Rd8 24. Nh5+ Kf7 25. Rd3 g4 26. Nh2 Rxd3 27. Qxd3 Qg5 28. Qd7+ Ne7 29. Nf4 Qf5 30. Qxc7 Qb1+ 31. Nf1 Qxb2 32. Ne3 Bxe3 33.
fxe3 Qxa2 34. Kh2 Qb3 35. e4 Qb5 36. Qb8 Nc6 37. Qc7+ Ne7 38. Qd8 Qxe5 39. Qd3 b5 40.
Qe2 a5 41. Qxg4 a4 42. Nh5 a3 43. Qf3+ Ke8 44. Nf6+ Kd8 45. Qd3+ Kc8 46. Qd7+ Kb8 47.
Qe8+ Nc8 48. Nd7+ Kc7 49. Nxe5 a2 50. Qc6+ 1-0

[Event "Late-Titled-Tuesday-Blitz-April-30-2024"]
[Site "Chess.com"]
[Date "2024.04.30"]
[Round "10"]
[White "ACollins05"]
[Black "Charodej1"]
[Result "1/2-1/2"]
[WhiteElo "2552"]
[BlackElo "2419"]
[TimeControl "180+1"]
[EndTime "15:54:21 PDT"]
[Termination "Game drawn by repetition"]

1. e4 d6 2. d4 Nf6 3. Nc3 g6 4.
Nf3 Bg7 5. h3 O-O 6. Be2 c5 7.
O-O cxd4 8. Nxd4 Nc6 9. Be3 Bd7 10. Qd2 Rc8 11. Rfd1 a6 12. Rac1 b5 13. Bf3 Ne5 14.
Be2 Nc4 15. Bxc4 Rxc4 16. f3 Qa8 17. Nce2 Rfc8 18. c3 a5 19. a3 Qb7 20. Nb3 Qc7 21. Nbd4 h5 22. h4 Qb7 23. Nb3 Qa6 24. Nbd4 Qb7 25. Nb3 Qa6 26. Nf4 R4c7 27. Nd3 Be6 28. Nd4 Bc4 29. Nf2 Nd7 30. Nc2 Nc5 31. Bxc5 Rxc5 32.
Nd4 R5c7 33. Nc2 Bb3 34. Re1 Bf6 35. Nd4 Bc4 36. g3 Qb6 37. Red1 Rb8 38. Kg2 b4 39. cxb4 axb4 40. axb4 Be6 41. Rxc7 Qxc7 42. Nxe6 fxe6 43.
Nd3 Qc4 44. Rc1 Qb3 45. Nf4 Qxb2 46. Qxb2 Bxb2 47. Rb1 Bc3 48. b5 Kf7 49. Kf2 Bd4+ 50. Ke2 e5 51. Nd5 e6 52. Nc7 Rc8 53. b6 Bxb6 54. Rxb6 Rxc7 55. Rxd6 Ke7 56. Ra6 Rc2+ 57. Ke3 Kf6 58. f4 Rc3+ 59. Kf2 Rc4 60. Kf3 Rc3+ 61. Kf2 Rc2+ 62. Kf3 Rc3+ 63. Kf2 1/2-1/2

[Event "Late-Titled-Tuesday-Blitz-April-30-2024"]
[Site "Chess.com"]
[Date "2024.04.30"]
[Round "10"]
[White "WilsonPalencia21"]
[Black "Romkachess"]
[Result "1-0"]
[WhiteElo "2535"]
[BlackElo "2621"]
[TimeControl "180+1"]
[EndTime "15:54:22 PDT"]
[Termination "WilsonPalencia21 won by resignation"]

1. d4 Nf6 2. Nf3 e6 3. c4 b6 4. g3 Bb7 5. Bg2 Bb4+ 6. Bd2 Be7 7. O-O O-O 8. Nc3 c6 9. e4 d5 10. Qe2 dxc4 11. a4 c5 12. e5 Nd5 13. Qxc4 Nxc3 14.
Qxc3 Nc6 15. dxc5 bxc5 16. Rfd1 Nd4 17. Nxd4 cxd4 18. Qc4 Bxg2 19. Kxg2 Rc8 20. Qb5 Rb8 21. Qc6 Rxb2 22. Be3 dxe3 23. Rxd8 Rxf2+ 24. Kg1 Rxd8 25. Qc7 Kf8 26. Rb1 g6 27. Rb8 Rd2 28. Kf1 Kg7 29. Rxd8 Bxd8 30. Qxa7 Bg5 31. h4 Bh6 32. Ke1 Rg2 33.
Qe7 Rxg3 34. Qf6+ Kg8 35. a5 Bg7 36. Qd8+ Bf8 37. a6 Kg7 38. a7 Rg2 39. Qxf8+ Kxf8 40. a8=Q+ Kg7 41. Qxg2 h5 42. Qg5 1-0

[Event "Late-Titled-Tuesday-Blitz-April-30-2024"]
[Site "Chess.com"]
[Date "2024.04.30"]
[Round "10"]
[White "Mackster23"]
[Black "JiangoFett"]
[Result "1-0"]
[WhiteElo "2620"]
[BlackElo "2481"]
[TimeControl "180+1"]
[EndTime "15:54:22 PDT"]
[Termination "Mackster23 won by resignation"]

1. e4 c5 2. Nf3 Nc6 3. d4 cxd4 4. Nxd4 e6 5. Nc3 Qc7 6. g4 a6 7. Be3 b5 8. Nxc6 Qxc6 9. Qd2 Bb7 10. O-O-O Nf6 11. f3 Bb4 12. Bd4 d6 13. a3 Ba5 14. g5 Nh5 15. b4 Bc7 16. Bh3 O-O-O 17. Bg4 g6 18. Bxh8 Rxh8 19. Nd5 Bd8 20. Bxh5 gxh5 21.
Nf6 h6 22. h4 Be7 23. Nxh5 hxg5 24. hxg5 Qc4 25. Kb2 d5 26. Nf6 Rd8 27. exd5 Bxf6+ 28. gxf6 Kb8 29. Qc3 Qf4 30. dxe6 Rc8 31. Qd4 Qxf3 32. e7 Be4 33. Qb6+ Bb7 34. Qd4 Be4 35. Rh2 Bxc2 36. Rxc2 Rxc2+ 37. Kxc2 Qe2+ 38. Rd2 1-0

[Event "Late-Titled-Tuesday-Blitz-April-30-2024"]
[Site "Chess.com"]
[Date "2024.04.30"]
[Round "10"]
[White "Revan_2002"]
[Black "artin10862"]
[Result "0-1"]
[WhiteElo "2776"]
[BlackElo "2871"]
[TimeControl "180+1"]
[EndTime "15:54:25 PDT"]
[Termination "artin10862 won by resignation"]

1. d4 Nf6 2. c4 e6 3. Nf3 b6 4. a3 Bb7 5. Nc3 d5 6. cxd5 Nxd5 7. Qc2 c5 8. e4 Nxc3 9. bxc3 Be7 10. Bd3 O-O 11. O-O Nc6 12. Bb2 Rc8 13. Qe2 cxd4 14.
cxd4 Bf6 15. e5 Be7 16. Rad1 Na5 17. Nd2 Qd7 18. f4 Qa4 19. f5 exf5 20. Bxf5 Rc2 21.
Bxc2 Qxc2 22. Ba1 Bg5 23. Qf2 Be7 24. Nb1 Qg6 25. d5 Nb3 26. Qb2 Nxa1 27. Qxa1 Bc5+ 28. Kh1 Ba6 29. Rfe1 Bf2 30. Rf1 Bxf1 31. Rxf1 Qd3 32.
Nc3 Bd4 33. Rc1 Bxe5 34. d6 Qxd6 35. Qb1 Bxh2 36. Nb5 Qh6 37. g4 0-1

[Event "Late-Titled-Tuesday-Blitz-April-30-2024"]
[Site "Chess.com"]
[Date "2024.04.30"]
[Round "10"]
[White "Hikaru"]
[Black "only_strong_moves"]
[Result "1-0"]
[WhiteElo "3189"]
[BlackElo "2733"]
[TimeControl "180+1"]
[EndTime "15:54:25 PDT"]
[Termination "Hikaru won by resignation"]

1. h4 d5 2. d4 Nf6 3. Bf4 c5 4.
e3 Nc6 5. c3 Bf5 6. Nd2 e6 7.
h5 h6 8. f3 cxd4 9. cxd4 Bd6 10. Bxd6 Qxd6 11. Kf2 Rc8 12. g4 Bh7 13. a3 e5 14. Nb3 O-O 15. Bh3 exd4 16. exd4 Qf4 17. Ne2 Ne4+ 18. Kg2 Qe3 19. Rf1 Ng5 20. Rc1 Rfe8 21.
Nc3 Rcd8 22. Qd2 Qxd2+ 23. Nxd2 Nxd4 24. Rfe1 Nge6 25. Kg3 Nc6 26. Bf1 Kf8 27. Nb3 a6 28. Na4 d4 29. Bxa6 d3 30. Bxb7 Ncd4 31. Nxd4 Rxd4 32. Bc6 d2 33. Bxe8 dxe1=Q+ 34. Rxe1 Kxe8 35. Nc3 Rd2 36. b4 Rd3 37. Nb5 Kd8 38. Kf2 Rd5 39. a4 Bd3 40. Nc3 Rd4 41. b5 Rc4 42. Rc1 Bh7 43.
Rd1+ Kc8 44. Nd5 Rc2+ 45. Kg3 Kb7 46. a5 Rc5 47. a6+ Ka7 48. Nb4 Rxb5 49. Rd7+ Kb6 50.
Rb7+ Ka5 51. a7 Rxb7 52. a8=Q+ Kb6 53. Nd5+ Kc6 54. Ne3 Kb6 55. Nc4+ Kc6 56. Na5+ 1-0

[Event "Late-Titled-Tuesday-Blitz-April-30-2024"]
[Site "Chess.com"]
[Date "2024.04.30"]
[Round "10"]
[White "oskariot"]
[Black "Dhaydon19"]
[Result "1-0"]
[WhiteElo "2765"]
[BlackElo "2620"]
[TimeControl "180+1"]
[EndTime "15:54:25 PDT"]
[Termination "oskariot won by resignation"]

1. e4 c6 2. d4 d5 3. Nd2 dxe4 4. Nxe4 Bf5 5. Ng3 Bg6 6. c3 Nd7 7. Nh3 e6 8. Nf4 Bd6 9. h4 Qc7 10. Qf3 Ne7 11. h5 Bc2 12. h6 g6 13. Bd3 Bxd3 14.
Nxd3 f5 15. Bf4 Nd5 16. Bd2 Bxg3 17. fxg3 N7f6 18. c4 Nb6 19. Bf4 Qe7 20. b3 O-O 21. O-O Rad8 22. Be5 Ng4 23. Bg7 Rfe8 24. Nf2 Nxf2 25.
Rxf2 Nd7 26. Re1 Nf6 27. Rfe2 Ne4 28. Rxe4 fxe4 29. Rxe4 Rd7 30. Rf4 c5 31. Bf6 Qf8 32.
Bg7 Qd6 33. Be5 Qc6 34. Qf2 cxd4 35. Rxd4 Rxd4 36. Qf6 Re7 37. Bxd4 Qc7 38. Be5 Qc5+ 39. Bd4 Qc7 40. Qh8+ Kf7 41. Be5 Qc5+ 42. Kh2 Qe3 43. Qxh7+ Ke8 44. Qxg6+ Kd7 45. Bf6 Rg7 46. Qxg7+ Kc6 47.
h7 Qh6+ 48. Qxh6 1-0

[Event "Late-Titled-Tuesday-Blitz-April-30-2024"]
[Site "Chess.com"]
[Date "2024.04.30"]
[Round "10"]
[White "Boninknights"]
[Black "Sjakkerntobi"]
[Result "1/2-1/2"]
[WhiteElo "2398"]
[BlackElo "2531"]
[TimeControl "180+1"]
[EndTime "15:54:25 PDT"]
[Termination "Game drawn by agreement"]

1. d4 Nf6 2. Nf3 e6 3. c4 c5 4. d5 exd5 5. cxd5 d6 6. Nc3 g6 7. Bg5 Bg7 8. Nd2 h6 9. Bh4 O-O 10. e4 Re8 11. Be2 a6 12. a4 Nbd7 13. O-O Rb8 14. f4 Qc7 15. Kh1 c4 16. e5 dxe5 17.
fxe5 Nh7 18. e6 fxe6 19. dxe6 Ne5 20. Nd5 Qc6 21. Ne7+ Rxe7 22. Bxe7 Bxe6 23. Nf3 Ng4 24. Nd4 Qe4 25. Nxe6 Ne3 26. Bf3 Qxe6 27. Qd6 Qxd6 28. Bxd6 Rd8 29. Rfe1 Nc2 30. Be7 Rd7 31. Rad1 Nxe1 32.
Rxd7 Nxf3 33. gxf3 b5 34. axb5 axb5 35. Rb7 Bxb2 36.
Rxb5 c3 37. Rc5 Kf7 38. Bd6 Ng5 39. Be5 Nxf3 40. Bxc3 Bxc3 41. Rxc3 Ne5 42. Kg2 Kf6 43. Rc5 Kf5 44. Kg3 g5 45. h4 Kf6 46. hxg5+ hxg5 47. Ra5 Kf5 48. Rb5 Ke4 49. Ra5 Kf5 50.
Rb5 Kf6 1/2-1/2

[Event "Late-Titled-Tuesday-Blitz-April-30-2024"]
[Site "Chess.com"]
[Date "2024.04.30"]
[Round "10"]
[White "bascheyaro"]
[Black "OparinGrigoriy"]
[Result "0-1"]
[WhiteElo "2859"]
[BlackElo "2987"]
[TimeControl "180+1"]
[EndTime "15:54:26 PDT"]
[Termination "OparinGrigoriy won on time"]

1. d4 Nf6 2. Nf3 e6 3. c4 b6 4. g3 Ba6 5. b3 Bb4+ 6. Bd2 Be7 7. Bg2 d5 8. O-O O-O 9. Bg5 Nbd7 10. cxd5 exd5 11.
Nc3 Re8 12. Re1 Bb7 13. Qd3 h6 14. Bxf6 Bxf6 15. Rac1 c5 16. e3 Rc8 17. Red1 a6 18. Nd2 cxd4 19. exd4 Nf8 20. f4 b5 21. Nf3 Qb6 22. Kh1 Ne6 23. Ne2 b4 24. Ne5 Qd6 25.
Bh3 h5 26. Kg1 Red8 27. Bf5 Qb6 28. Kg2 a5 29. Rxc8 Bxc8 30. Qf3 g6 31. Bb1 Ba6 32.
f5 Bxe2 33. Qxe2 Nxd4 34. Qe3 Re8 35. fxg6 Rxe5 36. Qh6 Qe6 37. gxf7+ Kxf7 38. Bg6+ Ke7 39. Qh7+ Kd6 40. Qg8 Qxg8 0-1

[Event "Late-Titled-Tuesday-Blitz-April-30-2024"]
[Site "Chess.com"]
[Date "2024.04.30"]
[Round "10"]
[White "PNEPaul"]
[Black "FMalexhdez"]
[Result "0-1"]
[WhiteElo "1973"]
[BlackElo "2219"]
[TimeControl "180+1"]
[EndTime "15:54:29 PDT"]
[Termination "FMalexhdez won by resignation"]

1. e4 c6 2. d4 d5 3. Nc3 dxe4 4.
f3 exf3 5. Nxf3 Nf6 6. Bc4 Bg4 7. Bxf7+ Kxf7 8. Ne5+ Kg8 9. Nxg4 Nbd7 10. O-O h5 11. Ne5 Nxe5 12. dxe5 Qxd1 13. Rxd1 Ng4 14. Bf4 e6 15.
Ne4 Re8 16. Rd7 Re7 17. Rad1 Kf7 18. Ng5+ Kg6 19. Rxe7 Bxe7 20. Nxe6 Kf5 21. h3 Kxe6 22. hxg4 Bc5+ 23. Kf1 hxg4 24. g3 Rh1+ 25. Ke2 Rh2+ 26. Kd3 g5 27. Bxg5 Kxe5 28. Bf4+ Kf5 29. Rd2 Rxd2+ 30.
Kxd2 Ke4 31. c3 Kf3 32. Kd3 Bf2 33. Bb8 a6 34. b4 Bxg3 35. Ba7 Bf2 36. Bb8 g3 37.
Bxg3 Kxg3 38. Ke4 Be1 39. Kd4 Kf4 40. a3 Kf5 41. c4 b6 42. c5 b5 0-1

[Event "Late-Titled-Tuesday-Blitz-April-30-2024"]
[Site "Chess.com"]
[Date "2024.04.30"]
[Round "10"]
[White "albi1999"]
[Black "Kobalia"]
[Result "1-0"]
[WhiteElo "2670"]
[BlackElo "2789"]
[TimeControl "180+1"]
[EndTime "15:54:30 PDT"]
[Termination "albi1999 won on time"]

1. d4 d5 2. c4 c6 3. Nc3 Nf6 4. Nf3 e6 5. Bg5 Nbd7 6. e3 h6 7. Bh4 Be7 8. Rc1 O-O 9. a3 a6 10. c5 Ng4 11. Bg3 f5 12. Be2 g5 13. Qd2 Ngf6 14.
h4 Ne4 15. Nxe4 fxe4 16. Ne5 gxh4 17. Bf4 Nxe5 18. Bxe5 Bf6 19. Bd6 Rf7 20. f3 Rg7 21.
fxe4 Rxg2 22. Qd3 Qe8 23. e5 Bg5 24. Rf1 Bd7 25. Rf8+ Qxf8 26. Bxf8 Rxf8 27. Qg6+ Kh8 28. Bd3 Rg1+ 29. Ke2 Rg2+ 30. Kd1 Rf5 31. Bxf5 exf5 32.
e6 Bxe6 33. Qxe6 h3 34. Qc8+ Kg7 35. Qxf5 h2 36. Qh3 Rf2 37. Ke1 Bxe3 38. Rd1 1-0

[Event "Late-Titled-Tuesday-Blitz-April-30-2024"]
[Site "Chess.com"]
[Date "2024.04.30"]
[Round "10"]
[White "masterofpuppets2"]
[Black "GalaxyRoman"]
[Result "0-1"]
[WhiteElo "2451"]
[BlackElo "2728"]
[TimeControl "180+1"]
[EndTime "15:54:31 PDT"]
[Termination "GalaxyRoman won by resignation"]

1. d4 Nf6 2. c4 e6 3. Nc3 Bb4 4.
Qc2 d5 5. cxd5 exd5 6. Bg5 h6 7. Bh4 g5 8. Bg3 Ne4 9. e3 c6 10. Bd3 Nxg3 11. hxg3 Be6 12. f4 Qe7 13. Nf3 f6 14. Bg6+ Bf7 15. Kf2 Nd7 16. Rhe1 O-O-O 17. Bxf7 Qxf7 18.
a3 Bd6 19. Nb5 Bb8 20. b4 Rhg8 21. Rac1 gxf4 22. gxf4 Qg7 23. Rg1 Qg3+ 24. Kf1 Rde8 25.
Qf2 Qg4 26. Nc3 Kd8 27. a4 Re6 28. b5 Rge8 29. Nd1 Qg6 30. Rh1 cxb5 31. axb5 Qd3+ 32. Kg1 Qxb5 33. Rxh6 Rc6 34. Rxc6 Qxc6 35. Qd2 Qc4 36. Nf2 Bc7 37. Nd3 a5 38. Rh7 a4 39. Nc5 Nxc5 40. dxc5 a3 41. Nd4 a2 42. Qb2 Rxe3 43.
Rxc7 Kxc7 44. Qb6+ Kc8 45. c6 a1=Q+ 46. Kh2 bxc6 47.
Nxc6 Qxf4+ 0-1

[Event "Late-Titled-Tuesday-Blitz-April-30-2024"]
[Site "Chess.com"]
[Date "2024.04.30"]
[Round "10"]
[White "Walter_White_Poland"]
[Black "Agustin_Meza"]
[Result "1/2-1/2"]
[WhiteElo "2369"]
[BlackElo "2167"]
[TimeControl "180+1"]
[EndTime "15:54:32 PDT"]
[Termination "Game drawn by stalemate"]

1. e4 c5 2. Nf3 Nc6 3. Nc3 g6 4. Bb5 Bg7 5. O-O d6 6. d4 cxd4 7. Nxd4 Bd7 8. Be3 Nf6 9. f3 O-O 10. Kh1 a6 11. Be2 Rc8 12. a4 Nh5 13. Qd2 Nxd4 14.
Bxd4 e5 15. Bf2 Nf4 16. Nd5 Nxd5 17. exd5 e4 18. fxe4 Bxb2 19. Rab1 Bc3 20. Qd3 Bxa4 21. Rxb7 Bb5 22. Qf3 Bxe2 23. Qxe2 Be5 24. Bg3 Bxg3 25. hxg3 Qg5 26. Qf3 f5 27. exf5 Rxf5 28. Qe2 Rxf1+ 29. Qxf1 Qh6+ 30. Kg1 Rf8 31. Qe1 g5 32. Qe7 g4 33.
Rd7 Qe3+ 34. Kh2 Qh6+ 35. Kg1 Qc1+ 36. Kh2 Qh6+ 37. Qh4 Qxh4+ 38. gxh4 Rf6 39. Kg3 h5 40. Ra7 Rf5 41. Rxa6 Rxd5 42. Kf4 Rc5 43. c3 Rc4+ 44. Kg5 Rxc3 45. Kxh5 Rg3 46. Rxd6 Rxg2 47. Rg6+ Kh7 48. Rxg4 Rxg4 49. Kxg4 Kh6 50. h5 Kh7 51. Kg5 Kh8 52. h6 Kh7 53. Kh5 Kh8 54. Kg6 Kg8 55. h7+ Kh8 56. Kh6 1/2-1/2

[Event "Late-Titled-Tuesday-Blitz-April-30-2024"]
[Site "Chess.com"]
[Date "2024.04.30"]
[Round "10"]
[White "ahmedkandiliii"]
[Black "cthulhuuu"]
[Result "0-1"]
[WhiteElo "2601"]
[BlackElo "2493"]
[TimeControl "180+1"]
[EndTime "15:54:34 PDT"]
[Termination "cthulhuuu won by checkmate"]

1. Nf3 Nf6 2. g3 g6 3. Bg2 Bg7 4. O-O O-O 5. c4 d6 6. Nc3 c5 7. b3 d5 8. cxd5 Nxd5 9. Bb2 Nc6 10. Rc1 b6 11. d3 Bb7 12. Qd2 Nd4 13. Nxd4 Bxd4 14. Nxd5 Bxd5 15. Bxd4 Bxg2 16. Kxg2 Qxd4 17. Rc4 Qd5+ 18. Kg1 e5 19. Qh6 f5 20. Rfc1 a5 21. h4 Rf6 22. h5 f4 23. Qg5 Rf5 24. Qg4 Rxh5 25. Re4 Rf8 26. f3 Rff5 27. gxf4 exf4 28. Kf2 Qd8 29. Rxf4 Rxf4 30. Qxf4 Qh4+ 31. Qxh4 Rxh4 32.
Kg3 Rd4 33. f4 a4 34. Rc4 Rxc4 35. bxc4 Kf7 36. Kg4 h6 37. e4 Kf6 38. e5+ Ke6 39. a3 Kf7 40. f5 gxf5+ 41. Kxf5 Ke7 42. Ke4 Ke6 43. d4 cxd4 44. Kxd4 h5 45. Ke4 h4 46.
Kf4 h3 47. Kg3 Kxe5 48. Kxh3 Kd4 49. c5 bxc5 50. Kg3 Kc3 51. Kf4 Kb3 52. Kf5 c4 53. Ke5 c3 54. Kd4 c2 55. Kd3 c1=Q 56. Ke4 Qc5 57.
Kd3 Qd5+ 58. Ke3 Kc3 59. Kf4 Kd4 60. Kg4 Qf7 61. Kg3 Qf5 62. Kg2 Ke3 63. Kg1 Qf2+ 64.
Kh1 Qe2 65. Kg1 Kf3 66. Kh1 Qg2# 0-1

[Event "Late-Titled-Tuesday-Blitz-April-30-2024"]
[Site "Chess.com"]
[Date "2024.04.30"]
[Round "10"]
[White "ChadBiryani"]
[Black "Mikhail_Golubev"]
[Result "1-0"]
[WhiteElo "2527"]
[BlackElo "2596"]
[TimeControl "180+1"]
[EndTime "15:54:35 PDT"]
[Termination "ChadBiryani won by checkmate"]

1. d4 Nf6 2. Bg5 c5 3. d5 Ne4 4. Bc1 e6 5. g3 exd5 6. Qxd5 Nf6 7. Qe5+ Be7 8. Bg2 Nc6 9. Qg5 O-O 10. Nf3 d5 11. O-O Be6 12. Qd2 Ne4 13. Qd1 Bf6 14. Nbd2 Qb6 15. c3 Rad8 16. Ne1 Nxd2 17. Qxd2 d4 18.
Qc2 dxc3 19. bxc3 Qa5 20. Bb2 Ne5 21. Nd3 Nc4 22. Rfc1 Nxb2 23. Qxb2 b6 24. a4 Bc4 25. Nf4 Rfe8 26. e3 Qa6 27. a5 b5 28. Qc2 b4 29.
cxb4 Bxa1 30. bxc5 Qxa5 31. Qxc4 Bb2 32. Rb1 Rd2 33.
Bd5 Rf8 34. c6 Be5 35. Rb7 Bc7 36. Kg2 Rd1 37. Bf3 Ra1 38. Bh5 Qe1 39. Kh3 Qa5 40. Bg4 g6 41. Nd5 Kg7 42. Qd4+ Kg8 43. Ne7# 1-0

[Event "Late-Titled-Tuesday-Blitz-April-30-2024"]
[Site "Chess.com"]
[Date "2024.04.30"]
[Round "10"]
[White "LeninGuerra"]
[Black "mbojan"]
[Result "0-1"]
[WhiteElo "2666"]
[BlackElo "2934"]
[TimeControl "180+1"]
[EndTime "15:54:37 PDT"]
[Termination "mbojan won by resignation"]

1. e4 c5 2. Nf3 a6 3. b4 cxb4 4.
a3 e6 5. Bd3 d5 6. e5 Nc6 7. O-O Nge7 8. Re1 Qc7 9. Bf1 bxa3 10.
Bxa3 Ng6 11. Bxf8 Nxf8 12. Nc3 Ng6 13. Nb5 Qd7 14. Nd6+ Kf8 15. d4 f6 16. Bb5 Rb8 17. Ba4 b5 18. Bb3 a5 19. c3 a4 20.
Bc2 Na5 21. Bxg6 hxg6 22. Qd3 Nc4 23. Nxc4 dxc4 24. Qxg6 Qf7 25. Qg3 Rb6 26. Reb1 Qb7 27. exf6 gxf6 28. Qg6 Qf7 29. Qxf7+ Kxf7 30. Rxa4 bxa4 31.
Rxb6 Bd7 32. Ra6 Rb8 33. h4 Rb3 34. Nd2 Rxc3 35. Ne4 Rc1+ 36. Kh2 c3 37. Ra7 Ke7 38. Nc5 c2 39. Rxd7+ Ke8 40. Rc7 Rh1+ 41. Kxh1 c1=Q+ 42. Kh2 Qf4+ 43. Kh3 Qxc7 44. Nxe6 Qd7 45. g4 Qxe6 0-1

[Event "Late-Titled-Tuesday-Blitz-April-30-2024"]
[Site "Chess.com"]
[Date "2024.04.30"]
[Round "10"]
[White "xberli"]
[Black "grzechu96"]
[Result "0-1"]
[WhiteElo "2632"]
[BlackElo "2792"]
[TimeControl "180+1"]
[EndTime "15:54:41 PDT"]
[Termination "grzechu96 won by resignation"]

1. d4 d5 2. c4 e6 3. Nf3 c6 4. g3 dxc4 5. Bg2 Nf6 6. O-O b5 7. a4 Bb7 8. b3 cxb3 9. Qxb3 b4 10.
a5 c5 11. dxc5 Bxc5 12. Rd1 Qe7 13. Be3 O-O 14. Bd4 Bd5 15. Qb2 Nbd7 16. Nbd2 Rab8 17.
Nb3 Bxd4 18. Nfxd4 Bxg2 19. Kxg2 Ne5 20. Rac1 Rfc8 21.
Rxc8+ Rxc8 22. Rc1 Nc4 23. Qa1 Nd5 24. a6 Nc3 25. Rc2 e5 26. Nf3 Qe6 27. h3 h6 28. Kh2 Qb6 29. Kg2 Rc6 30. Nbd2 Nxd2 31. Nxd2 Qxa6 32. Qb2 Qb7 33. Nf3 Rc5 34. Rd2 g6 35.
Rd8+ Kg7 36. Qd2 Rd5 37. Rxd5 Qxd5 38. Qe3 a5 39. g4 a4 40. g5 hxg5 41. Kh2 a3 42.
Nxe5 a2 43. Ng4 a1=Q 44. Qxg5 Nxe2 45. Qf6+ Qxf6 46. Nxf6 Kxf6 0-1

[Event "Late-Titled-Tuesday-Blitz-April-30-2024"]
[Site "Chess.com"]
[Date "2024.04.30"]
[Round "10"]
[White "kemelgallo"]
[Black "Individoom"]
[Result "1-0"]
[WhiteElo "2639"]
[BlackElo "2764"]
[TimeControl "180+1"]
[EndTime "15:54:42 PDT"]
[Termination "kemelgallo won on time"]

1. e4 g6 2. d4 Bg7 3. Nc3 d6 4.
Nf3 a6 5. Be2 b5 6. O-O Bb7 7.
Re1 Nd7 8. a4 b4 9. Nd5 a5 10.
Bc4 e6 11. Bg5 Qc8 12. Nf4 Nb6 13. Bb3 h6 14. Bh4 g5 15. Bxg5 hxg5 16. Nxg5 Nf6 17.
Nxf7 Kxf7 18. Bxe6+ Qxe6 19. Nxe6 Kxe6 20. e5 dxe5 21.
dxe5 Ne8 22. Qg4+ Ke7 23. Qg5+ Kf8 24. Rad1 Rh6 25. e6 Kg8 26. g3 Nd6 27. Qc5 Ne8 28. Rd7 Bf6 29. Rxc7 Nxc7 30. Qxc7 Re8 31. Qf7+ Kh8 32.
Qxe8+ Kh7 33. Qf7+ Bg7 34. Qxb7 Nc4 35. e7 Nd6 36.
Qd5 Ne8 37. Qd7 Nf6 38. e8=Q Nxd7 39. Qxd7 Rf6 40. Qd3+ Kg8 41. Re8+ Kf7 42. Qd7+ Kg6 43.
Re6 b3 44. Rxf6+ Bxf6 45. cxb3 1-0

[Event "Late-Titled-Tuesday-Blitz-April-30-2024"]
[Site "Chess.com"]
[Date "2024.04.30"]
[Round "10"]
[White "penguingm1"]
[Black "jcibarra"]
[Result "1-0"]
[WhiteElo "2894"]
[BlackElo "2994"]
[TimeControl "180+1"]
[EndTime "15:54:46 PDT"]
[Termination "penguingm1 won by checkmate"]

1. d4 Nf6 2. c4 d6 3. Nc3 e5 4. Nf3 e4 5. Ng5 Qe7 6. g3 h6 7. Nh3 c6 8. d5 c5 9. Bg2 Bf5 10. Qa4+ Nbd7 11. Nb5 Qd8 12. Bf4 Qb6 13. O-O g5 14. Bd2 a6 15. f3 Bg7 16. fxe4 Bxe4 17. Rxf6 axb5 18. Qxa8+ Ke7 19. Rxd6 Qxd6 20. Qa3 Bxg2 21.
Kxg2 bxc4 22. e4 Qe5 23. Nf2 Qxb2 24. Qxb2 Bxb2 25. Rb1 c3 26. Be3 Ra8 27. Kf3 Rxa2 28. Nd3 c4 29. Nb4 Ra4 30. Nc2 Ne5+ 31. Ke2 b5 32. Bd4 f6 33. Ke3 b4 34. Bc5+ Kd7 35. Bxb4 Ng4+ 36. Kd4 Nxh2 37. Kxc4 Nf3 38. Rh1 Nd2+ 39.
Kd3 Nf3 40. Rxh6 Ne5+ 41. Kd4 Ng4 42. Rh7+ Ke8 43. d6 Rxb4+ 44. Kd5 Rb5+ 45. Kc6 Ra5 46.
d7+ Kd8 47. Rh8+ Ke7 48. d8=Q+ Kf7 49. Qe8+ Kg7 50. Qg8# 1-0

[Event "Late-Titled-Tuesday-Blitz-April-30-2024"]
[Site "Chess.com"]
[Date "2024.04.30"]
[Round "10"]
[White "nitpicker"]
[Black "1g60-1"]
[Result "0-1"]
[WhiteElo "2252"]
[BlackElo "2425"]
[TimeControl "180+1"]
[EndTime "15:54:46 PDT"]
[Termination "1g60-1 won on time"]

1. d4 e6 2. c4 f5 3. Nf3 Nf6 4. Qc2 Be7 5. h3 d5 6. Bf4 O-O 7. e3 Ne4 8. Bd3 a5 9. O-O g5 10. Bh2 h5 11. cxd5 exd5 12. Qxc7 Nc6 13. Qxd8 Rxd8 14.
Nc3 g4 15. Ne5 Nb4 16. Be2 Be6 17. a3 Nc6 18. Ng6 Bf6 19. Nf4 Bf7 20. Na4 Kh7 21. Kh1 Rg8 22. Bd3 Ne7 23. f3 Nd2 24. Rf2 Nb3 25.
Raf1 g3 26. Bxg3 Rxg3 27. Bc2 b5 28. Bxb3 bxa4 29. Bxa4 Rag8 30. Bc2 Bh4 31. e4 R3g7 32.
exf5 Bf6 33. g4 hxg4 34. hxg4 Kh6 35. Rh2+ Kg5 36. Nh3+ Kh4 37. Rg1 Bxd4 38. Nf4+ Kg5 39. Nh3+ Kf6 40. Rd1 Be5 41. Re2 Nc6 42. f4 Bxb2 43.
g5+ Rxg5 44. fxg5+ Kg7 45. f6+ Kf8 46. Rg1 Bd4 47. Rg4 Bc5 48. g6 Be6 0-1

[Event "Late-Titled-Tuesday-Blitz-April-30-2024"]
[Site "Chess.com"]
[Date "2024.04.30"]
[Round "10"]
[White "Kombinator01"]
[Black "VD_coach"]
[Result "1-0"]
[WhiteElo "2418"]
[BlackElo "2521"]
[TimeControl "180+1"]
[EndTime "15:54:48 PDT"]
[Termination "Kombinator01 won on time"]

1. e4 c5 2. Nf3 d6 3. d4 cxd4 4. Nxd4 Nf6 5. f3 a6 6. c4 e6 7.
Nc3 Be7 8. Be3 O-O 9. Be2 Nbd7 10. O-O Qc7 11. Rc1 b6 12. Nc2 Bb7 13. Qd2 Rac8 14.
Rfd1 Rfd8 15. Kh1 h6 16. b4 Ne5 17. Na3 Ba8 18. Qd4 Nfd7 19. f4 Nc6 20. Qd2 Nxb4 21. Nd5 Nxd5 22. cxd5 Nc5 23. dxe6 fxe6 24. Bxa6 Bb7 25.
Bc4 d5 26. exd5 exd5 27. Be2 d4 28. Bxd4 Bf6 29. Nb5 Qd7 30. Qe3 Qc6 31. Qf2 Ne4 32. Qg1 Qe6 33. Rxc8 Rxc8 34. Bf3 Bxd4 35. Nxd4 Qxa2 36.
Bxe4 Bxe4 37. Re1 Bb7 38. Nf5 Rc2 39. Qd4 Rxg2 40. Nxh6+ Kh7 41. Qd3+ Kxh6 42. Qd6+ Kh7 43. Qd3+ Kh6 44. Qd6+ 1-0

[Event "Late-Titled-Tuesday-Blitz-April-30-2024"]
[Site "Chess.com"]
[Date "2024.04.30"]
[Round "10"]
[White "Durarbayli"]
[Black "Statham_01"]
[Result "1-0"]
[WhiteElo "2927"]
[BlackElo "2643"]
[TimeControl "180+1"]
[EndTime "15:54:51 PDT"]
[Termination "Durarbayli won on time"]

1. e4 e6 2. d4 d5 3. Nc3 Nf6 4. e5 Nfd7 5. f4 c5 6. Nf3 Nc6 7. Be3 Be7 8. Ne2 O-O 9. c3 Qb6 10. Rb1 f6 11. Qd2 fxe5 12. dxe5 Qc7 13. g3 b5 14. Bh3 Nb6 15. b3 d4 16. Bf2 dxc3 17. Nxc3 Rd8 18. Qe2 Nd5 19. Ne4 Qa5+ 20. Kf1 b4 21.
Kg2 Qb6 22. Rbc1 Nd4 23. Nxd4 cxd4 24. Rhd1 Nc3 25. Nxc3 bxc3 26. Rxc3 Ba6 27. Rc4 Rac8 28. Qg4 Bxc4 29. bxc4 Rc6 30. f5 Qb7 31. Kg1 Rxc4 32. f6 Bf8 33. Qxe6+ Qf7 34. Qa6 Kh8 35. Be6 Qh5 36.
g4 Rc5 37. gxh5 Rxe5 38. fxg7+ Bxg7 39. Bg4 Rg5 40. h3 Rf8 41. Qxa7 d3 42. Rxd3 Rb5 43. Rd7 Rb1+ 44. Kg2 Rb2 45. Rxg7 Rbxf2+ 46. Qxf2 1-0

[Event "Late-Titled-Tuesday-Blitz-April-30-2024"]
[Site "Chess.com"]
[Date "2024.04.30"]
[Round "10"]
[White "lluiss"]
[Black "Synctel"]
[Result "1-0"]
[WhiteElo "2238"]
[BlackElo "2040"]
[TimeControl "180+1"]
[EndTime "15:54:54 PDT"]
[Termination "lluiss won on time"]

1. Nf3 Nf6 2. d4 d5 3. c4 c6 4. cxd5 cxd5 5. Nc3 a6 6. Bf4 Bf5 7. e3 e6 8. Bd3 Bg6 9. O-O Nc6 10. Rc1 Bd6 11. Bxd6 Qxd6 12. h3 O-O 13. Ne1 Rac8 14. Bxg6 hxg6 15. Nd3 Nd7 16. Qd2 Ne7 17. Rc2 Rc4 18.
b3 Rc7 19. Rfc1 Rfc8 20. Na4 Nf5 21. Rxc7 Rxc7 22. Rxc7 Qxc7 23. Qc3 Qxc3 24. Nxc3 b6 25. a4 Nd6 26. Nb4 a5 27. Nd3 f6 28. f3 g5 29.
Kf2 Kf7 30. e4 dxe4 31. fxe4 Ke7 32. g4 Nf8 33. e5 Nb7 34. Ne4 Ng6 35. Ke3 Nd8 36.
exf6+ gxf6 37. Nb2 Nc6 38. Nc4 Nf4 39. Nxb6 Nxh3 40.
d5 exd5 41. Nxd5+ Ke6 42. Ndxf6 Nf4 43. Nh7 Nd5+ 44. Kf3 Nd4+ 45. Kg3 Nxb3 46. Nhxg5+ Ke5 47. Nf2 Nc5 48. Nf3+ 1-0